 Dungeon Crawl Stone Soup version 0.29.1-15-g9cfb28693d (webtiles) character file.

Game seed: 11845849630797034884

23 venomsnake the Ducker (level 2, -1/14 HPs)
             Began as a Felid Berserker on Mar 24, 2023.
             Was a Follower of Trog.
             Slain by a kobold
             ... wielding a +0 dagger
              (4 damage)
             ... on level 1 of the Dungeon.
             The game lasted 00:04:52 (1343 turns).

venomsnake the Ducker (Felid Berserker)             Turns: 1343, Time: 00:04:53

Health: -1/14      AC:  1    Str: 13    XL:     2   Next: 75%
Magic:  3/3        EV: 18    Int:  8    God:    Trog [*.....]
Gold:   27         SH:  0    Dex: 15    Spells: 1/1 levels left
                                        Lives:  0   Deaths: 0

rFire   . . .      SeeInvis +     - Unarmed
rCold   . . .      Faith    .   (shield unavailable)
rNeg    . . .      Spirit   .   (body armour unavailable)
rPois   .          Reflect  .   (helmet unavailable)
rElec   .          Harm     .   (cloak unavailable)
rCorr   .          Rampage  .   (gloves unavailable)
Will    .....                   (boots unavailable)
Stlth   +.........              (no amulet)
HPRegen 0.04/turn               (no ring)
MPRegen 0.08/turn               (no ring)

@: quick
A: very small, claws 1, fangs 3, see invisible, speed 1, shaggy fur 1, stealthy
paws, no weapons or thrown items, no armour, multi-lived
a: Renounce Religion, Berserk


You were on level 1 of the Dungeon.
You worshipped Trog.
Trog was aware of your devotion.
You visited 1 branch of the dungeon, and saw 1 of its levels.

You collected 27 gold pieces.

Inventory:

Missiles
 d - 11 stones
Scrolls
 b - a scroll of poison {unknown}
 c - a scroll of acquirement {unknown}
 e - a scroll of teleportation {unknown}
Potions
 a - a potion of curing {unknown}


   Skills:
 + Level 3.3 Fighting
 + Level 4.5 Dodging
 + Level 3.3 Unarmed Combat


You had one spell level left.
You didn't know any spells.
Your spell library was empty.

Dungeon Overview and Level Annotations

Branches:
Dungeon (1/15)

Altars:


Innate Abilities, Weirdness & Mutations

You have sharp claws.
You have razor-sharp teeth.
You have supernaturally acute eyesight. (SInv)
You cover ground quickly. (Speed+)
You are covered in fur. (AC +1)
Your paws help you pounce on unaware monsters.
You are incapable of wielding weapons or throwing items.
You cannot wear armour.
You gain extra lives every three experience levels.


Message History

Your mouth is already empty.
You closely miss the giant cockroach. The giant cockroach barely misses you.
You closely miss the giant cockroach.
You bite the giant cockroach, but do no damage.
The giant cockroach bites you. The giant cockroach misses you.
You closely miss the giant cockroach.
The giant cockroach completely misses you.
You barely miss the giant cockroach. Your bite misses the giant cockroach.
The giant cockroach bites you.
You claw the giant cockroach!
You kill the giant cockroach!
Trog accepts your kill.
You see here a giant cockroach corpse.
HP restored.
d - 11 stones (gained 2)
You see here a +0 short sword.
Found a ring mail.
The kobold shouts!
You see here a +0 ring mail.
There are no items here.
There are no items here.
There are no items here.
There are no items here.
There are no items here.
There are no items here.
There are no items here.
The kobold hits you with a +0 dagger. The kobold misses you.
The kobold closely misses you. The kobold hits you with a +0 dagger.
The kobold closely misses you. The kobold barely misses you.
The kobold hits you with a +0 dagger.
* * * LOW HITPOINT WARNING * * *
The kobold completely misses you. The kobold closely misses you.
The kobold completely misses you. The kobold misses you.
The kobold hits you with a +0 dagger.
You die...

######## ##......##
###..####..#####
##....^###......#
##.......#######.#
.##....@[^..######.#####
......K...^.#...........
.#.
.#............###>.###.#
.#.
#....>.......###..###.#
#.
##.........####...#....
#.
##.^^....##..).....###
#.######
##.....#####......# #
#..l...
##..#######......###
###### #.###
#............


You could see a kobold.

Vanquished Creatures
  A bat (D:1)
  2 endoplasms (D:1)
  3 giant cockroaches (D:1)
  2 hobgoblins (D:1)
  2 quokkas (D:1)
  4 ball pythons (D:1)
  A frilled lizard (D:1)
  3 kobolds (D:1)
  2 rats (D:1)
20 creatures vanquished.

Notes
Turn   | Place    | Note
-------+----------+-------------------------------------------
     0 | D:1      | venomsnake the Felid Berserker began the quest for the Orb.
     0 | D:1      | Reached XP level 1. HP: 10/10 MP: 2/2
   337 | D:1      | Reached XP level 2. HP: 8/14 MP: 3/3
  1343 | D:1      | Slain by a kobold

Illustrated notes

Levels and vault maps discovered:
D:1:      grunt_arrival_crossed_arrows, layout_loops_ring,
          serial_co_window_serial, co_window_paths_b, co_window_corner_a,
          co_window_paths_a, co_window_paths_b, co_window_of_opportunity_a,
          co_window_unsneaky_path_e, co_window_cross_4,
          co_window_unsneaky_path_a, co_window_4corner_b, glass_columns_b,
          nicolae_wormholes

Action                   || total
-------------------------++-------
Melee: Unarmed           ||    52
       Bite              ||     4
 Stab: Sleeping          ||     2
Armor: Skin              ||     4
Dodge: Dodged            ||    66
